 Dungeon Crawl Stone Soup version 0.27.1 (webtiles) character file.

Game seed: 5353310449072140066

6910 Ishikawa the Cleaver (level 10, -6/90 HPs)
             Began as a Minotaur Berserker on Aug 27, 2021.
             Was a High Priest of Trog.
             Mangled by a boulder beetle (22 damage)
             ... on level 9 of the Dungeon.
             The game lasted 00:22:02 (10633 turns).

Ishikawa the Cleaver (Minotaur Berserker)          Turns: 10633, Time: 00:22:04

Health: -6/90      AC: 12    Str: 23    XL:     10   Next: 79%
Magic:  9/9        EV: 10    Int:  4    God:    Trog [*****.]
Gold:   332        SH:  5    Dex: 12    Spells: 9/9 levels left

rFire    . . .     SeeInvis .   F - +3 war axe
rCold    . . .     Faith    .   (no shield)
rNeg     . . .     Spirit   .   b - +1 chain mail
rPois    .         Reflect  +   (helmet restricted)
rElec    .         Harm     .   (no cloak)
rCorr    .         Rampage  .   (no gloves)
Will     .....                  (no boots)
Stlth    ..........             m - amulet of reflection
HPRegen  0.25/turn              d - ring of flight
MPRegen  0.11/turn              (no ring)

@: on berserk cooldown, flying, slowed, very slow
A: horns 2, retaliatory headbutt
a: Renounce Religion, Berserk, Trog's Hand, Brothers in Arms


You were on level 9 of the Dungeon.
You worshipped Trog.
Trog was extremely pleased with you.
You visited 1 branch of the dungeon, and saw 9 of its levels.

You collected 332 gold pieces.

Inventory:

Hand Weapons
 F - a +3 war axe (weapon)
Missiles
 z - 3 throwing nets (quivered)
Armour
 b - a +1 chain mail (worn)
 D - a +0 troll leather armour
Jewellery
 d - a ring of flight (left hand)
 m - an amulet of reflection (around neck)
 v - an amulet of faith
 C - a ring of fire
Wands
 f - a wand of acid (6)
 h - a wand of iceblast (4)
 o - a wand of charming (8)
 p - a wand of digging (6)
 B - a wand of paralysis (7)
Scrolls
 c - 3 scrolls of identify
 e - a scroll of silence
 j - a scroll of holy word
 k - a scroll of blinking
 l - a scroll of summoning {unknown}
 r - a scroll of immolation {unknown}
 t - 2 scrolls of amnesia {unknown}
 x - a scroll of fog {unknown}
 y - a scroll of fear {unknown}
 A - a scroll of teleportation
Potions
 g - a potion of degeneration
 i - a potion of attraction
 n - 3 potions of curing
 q - a potion of cancellation
 s - a potion of invisibility
 u - a potion of lignification
 w - a potion of heal wounds
 E - a potion of berserk rage {unknown}


   Skills:
 * Level 8.5 Fighting
 * Level 11.4 Axes
 * Level 10.4 Armour
 * Level 6.1 Dodging
 * Level 4.4 Stealth
 - Level 0.1 Shields
 * Level 5.1 Unarmed Combat


You had 9 spell levels left.
You didn't know any spells.
Your spell library was empty.

Dungeon Overview and Level Annotations

Branches:
Dungeon (9/15)             Temple (0/1) D:5
   Lair: D:8-11         Orc: D:9-12

Altars:
Cheibriados
Dithmenos
Makhleb
Nemelex Xobeh
Okawaru
Sif Muna
Uskayaw
Vehumet
Xom
Yredelemnul
Zin

Shops:
D:7 ?(=


Innate Abilities, Weirdness & Mutations

You have a pair of horns on your head.
You reflexively headbutt those who attack you in melee.


Message History

Found 19 gold pieces.
The yak gores you!
You slash the yak! You headbutt the yak!
The yak is heavily wounded.
You slash the yak!
The yak is severely wounded.
The yak completely misses you. You furiously retaliate!
You headbutt the yak! You slice the yak!!
You kill the yak!
Trog accepts your kill.
The boulder beetle leaps!
You slash the yak!
The yak is heavily wounded.
You slash the yak! You headbutt the yak.
You kill the yak!
Trog accepts your kill.
You see here a yak corpse.
Found 8 gold pieces.
You feel a strong urge to attack something.
You are no longer berserk.
You are exhausted.
You feel yourself slow down.
The boulder beetle curls into a ball and begins rolling!
The boulder beetle hits you!!
The boulder beetle stops rolling and uncurls.
You see here a yak corpse.
You feel much better. The boulder beetle bites you.
The boulder beetle bites you!
You hit the boulder beetle. You punch the boulder beetle.
The boulder beetle is lightly wounded.
The boulder beetle barely misses you.
You slash the boulder beetle!
The boulder beetle is lightly wounded.
The boulder beetle bites you!
You slash the boulder beetle!
You headbutt the boulder beetle, but do no damage.
The boulder beetle is moderately wounded.
The boulder beetle bites you!
* * * LOW HITPOINT WARNING * * *
The boulder beetle bites you!!
You die...

.# ##..#
#....###########
.# #..## #.####
.####.## #)#
...##.# #)#
########
'''###### #)#
#$.....#
...###### #.#
#......#
...##☼☼§# #.#
#....$.#
.⌠.#○§○§.
#.######......#
...#.§§§☼
#...†.@B......#
...#§.○○§
#.######.(....#
g..##○○§# ###
.......#
...######
.#......#
._.......
##########
...######
...#.☼§§§
...#○☼°°§
.Z.#○§§.○


You could see a boulder beetle.

Vanquished Creatures
  A boulder beetle (D:8)
  A two-headed ogre (D:6)
  Pikel (D:6)
  3 centaur zombies
  A hornet (D:9)
  A troll (D:9)
  A wyvern (D:6)
  Eustachio (D:6)
  4 yaks (D:9)
  A steam dragon (D:8)
  A water moccasin (D:9)
  2 ice beasts (D:5)
  2 hornet zombies (D:8)
  A sky beast (D:5)
  2 black bears (D:5)
  2 necrophages (D:8)
  2 ogres
  2 centaurs
  A lemure (D:6)
  A phantom (D:6)
  2 kobold brigands
  2 bullfrogs
  2 wyvern zombies
  2 gnoll sergeants
  2 scorpions (D:5)
  9 killer bees
  4 wights
  2 hounds
  A jelly (D:6)
  2 orc priests
  A human zombie (D:8)
  A gnoll shaman (D:8)
  A centaur skeleton (D:7)
  3 iron imps (D:4)
  3 iguanas
  4 orc wizards
  A killer bee zombie (D:8)
  4 mummies
  A howler monkey zombie (D:8)
  11 gnolls
  10 adders
  2 white imps
  2 ufetubi
  A worm (D:2)
  2 dart slugs
  17 orcs
  7 ball pythons
  9 endoplasms
  3 giant cockroaches
  12 hobgoblins
  2 jackals (D:1)
  5 quokkas
  10 bats
  5 frilled lizards
  12 goblins
  15 kobolds
  5 rats
208 creatures vanquished.

Vanquished Creatures (others)
  5 dream sheep (D:3)
5 creatures vanquished.

Grand Total: 213 creatures vanquished

Notes
Turn   | Place    | Note
-------+----------+-------------------------------------------
     0 | D:1      | Ishikawa the Minotaur Berserker began the quest for the
                  | Orb.
     0 | D:1      | Reached XP level 1. HP: 19/19 MP: 0/0
   102 | D:1      | Reached skill level 4 in Axes
   102 | D:1      | Reached XP level 2. HP: 19/27 MP: 1/1
   308 | D:1      | Found a faded altar of an unknown god.
   459 | D:1      | Reached ** piety under Trog
   613 | D:1      | Reached XP level 3. HP: 23/33 MP: 2/2
  1522 | D:2      | Reached XP level 4. HP: 40/41 MP: 3/3
  1964 | D:3      | Found a hide-covered altar of Uskayaw.
  2016 | D:3      | Reached skill level 1 in Stealth
  2042 | D:3      | Reached *** piety under Trog
  2197 | D:3      | Found a snail-covered altar of Cheibriados.
  2238 | D:3      | Noticed a dream sheep
  2238 | D:3      | Noticed a dream sheep
  2238 | D:3      | Noticed a dream sheep
  2238 | D:3      | Noticed a dream sheep
  2238 | D:3      | Noticed a dream sheep
  2238 | D:3      | Found a shimmering altar of Xom.
  2242 | D:3      | Killed a dream sheep
  2242 | D:3      | Killed a dream sheep
  2242 | D:3      | Killed a dream sheep
  2244 | D:3      | Killed a dream sheep
  2245 | D:3      | Killed a dream sheep
  2469 | D:4      | HP: 2/41 [white imp (3)]
  2823 | D:4      | Reached XP level 5. HP: 45/47 MP: 4/4
  2828 | D:4      | Reached skill level 5 in Axes
  3498 | D:4      | Found a burning altar of Makhleb.
  3513 | D:4      | Reached skill level 1 in Unarmed Combat
  3547 | D:4      | Reached XP level 6. HP: 21/55 MP: 5/5
  3824 | D:5      | Entered Level 5 of the Dungeon
  3956 | D:5      | Noticed a sky beast
  3960 | D:5      | Reached skill level 5 in Fighting
  3960 | D:5      | Reached skill level 6 in Axes
  3986 | D:5      | Killed a sky beast
  3990 | D:5      | Reached XP level 7. HP: 30/61 MP: 6/6
  4214 | D:5      | Found a shadowy altar of Dithmenos.
  4263 | D:5      | Found a staircase to the Ecumenical Temple.
  4271 | D:5      | Reached skill level 5 in Armour
  4427 | D:5      | Reached skill level 7 in Axes
  5148 | D:5      | Reached XP level 8. HP: 69/70 MP: 7/7
  5208 | D:5      | Found a radiant altar of Vehumet.
  6148 | D:6      | Reached skill level 8 in Axes
  6334 | D:6      | Noticed a two-headed ogre
  6350 | D:6      | Killed a two-headed ogre
  6351 | D:6      | Reached XP level 9. HP: 74/78 MP: 8/8
  6447 | D:6      | Noticed Eustachio
  6480 | D:6      | Killed Eustachio
  6596 | D:6      | Noticed Pikel
  6634 | D:6      | Killed Pikel
  6635 | D:6      | Reached skill level 9 in Axes
  6659 | D:6      | Reached **** piety under Trog
  6660 | D:6      | Reached skill level 5 in Dodging
  7285 | D:7      | Found Sitoa's Jewellery Shop.
  7437 | D:7      | Found Hootar's Weapon Boutique.
  7485 | D:7      | Found Gedwurub's Magic Scroll Emporium.
  7662 | D:7      | Reached skill level 10 in Axes
  8092 | D:8      | Reached XP level 10. HP: 52/85 MP: 9/9
  8092 | D:8      | Found a basalt altar of Yredelemnul.
  8259 | D:8      | Noticed a boulder beetle
  8321 | D:8      | Found an iron altar of Okawaru.
  8864 | D:8      | Killed a boulder beetle
  9701 | D:9      | Reached skill level 11 in Axes
  9703 | D:9      | Reached ***** piety under Trog
 10030 | D:9      | Found a glowing silver altar of Zin.
 10030 | D:9      | Noticed an angel
 10063 | D:9      | Reached skill level 10 in Armour
 10188 | D:9      | Found a shimmering blue altar of Sif Muna.
 10208 | D:9      | Found a sparkling altar of Nemelex Xobeh.
 10603 | D:9      | Noticed a boulder beetle
 10616 | D:9      | Reached skill level 5 in Unarmed Combat
 10633 | D:9      | Mangled by a boulder beetle

Illustrated notes

Levels and vault maps discovered:
D:1:      heliophobic_arrival_dark_side_of_the_moon, layout_loops_ring,
          ebering_ecumenical_altar_hall
D:2:      layout_rooms, columned_hall_lemuel, feat_on_display
D:3:      layout_basic, kb_xom_exploding_sheep,
          nicolae_uskayaw_murder_on_the_dancefloor, slow_altar_1, minmay_cupped
D:4:      layout_basic, demons_altar, kennysheep_generic_room_4
D:5:      layout_loops_corners, lemuel_round_altar,
          mainiacjoe_overflow_small_starburst, minmay_temple_entry_hall
D:6:      layout_loops_ring, grunt_ministairs_13, uniq_eustachio, uniq_pikel
D:7:      layout_rooms, serial_shops, nicolae_shop_waterfront, shop_statue, shop
D:8:      layout_loops_ring, lemuel_mausoleum_altar_yredelemnul,
          lemuel_crystal_altar
D:9:      layout_rooms, nemelex_altar_shiori, zin_angel,
          nicolae_overflow_hidden_temple, mainiacjoe_overflow_two_lobes,
          david_lair_shrubbed

Skill      XL: |  1  2  3  4  5  6  7  8  9 10 |
---------------+-------------------------------+-----
Axes           | 4 5 6 7 8 10 11 | 11.4
Fighting       | 4 5 6 7 8 |  8.5
Armour         | 3 4 5 8 9 10 | 10.4
Stealth        | 1 2 3 4 |  4.4
Dodging        | 3 4 5 6 |  6.1
Unarmed Combat | 1 2 3 4 5 |  5.1
Shields        | |  0.1

Action                   |  1- 3 |  4- 6 |  7- 9 | 10-12 || total
-------------------------+-------+-------+-------+-------++-------
Melee: Hand axe          |   109 |   157 |   275 |   182 ||   723
       Headbutt          |    17 |    28 |    64 |    46 ||   155
       Punch             |       |     1 |    12 |     5 ||    18
       War axe           |       |       |       |    22 ||    22
Invok: Berserk           |       |       |     1 |     2 ||     3
Evoke: Wand              |       |       |     2 |       ||     2
  Use: Scroll            |       |     6 |     8 |       ||    14
       Potion            |       |     3 |     1 |     1 ||     5
Armor: Animal skin       |     9 |       |       |       ||     9
       Scale mail        |    18 |    51 |       |       ||    69
       Chain mail        |       |       |   112 |    76 ||   188
Dodge: Dodged            |    67 |    40 |   102 |    76 ||   285
Block: Other             |       |    10 |    46 |    45 ||   101
       Reflection        |       |     1 |       |     3 ||     4
